[Event "Bijnor Open 2024"]
[Site "Bijnor"]
[Date "2024.03.17"]
[Round "2.5"]
[White "Sai Agni Jeevitesh, J."]
[Black "Surendera Arora"]
[Result "1-0"]
[ECO "B06"]
[WhiteElo "2285"]
[BlackElo "1592"]
[Annotator "TA"]
[PlyCount "99"]
[EventDate "2024.03.17"]
[EventCountry "IND"]
[SourceTitle "playchess.com"]
[Source "ChessBase"]
[SourceQuality "1"]
[TimeControl "5400+30"]

1. d4 g6 2. e4 Bg7 3. c3 e6 4. Nf3 Ne7 5. Bd3 O-O 6. h4 h5 7. Bg5 Qe8 8. Qd2 {[%emt 0:01:54] White is better.} d5 (8... d6 $14) 9. e5 $16 Nd7 10. Na3 a6 11. Bh6 {[%emt 0:00:33][%cal Og2g4] White is much more active.} f5 (11... Nf5 $16 {is a better defense.} 12. Bxg7 Kxg7) 12. exf6 (12. Bxg7 $18 {White threatens Qh6 and mate.} Kxg7 13. Ng5) 12... Nxf6 13. Bxg7 Kxg7 14. O-O-O b5 15. Ne5 Ne4 (15... Nd7 $142) 16. Bxe4 $18 dxe4 17. g4 Rh8 18. Rdg1 Bb7 19. Qg5 e3 20. f3 e2 21. Rh2 (21. gxh5 Rxh5 22. Qe3 Qf8 $18) 21... Qf8 (21... hxg4 $142 22. fxg4 (22. Nxg4 Rh5 $18) 22... Nd5) 22. Rxe2 Qf6 23. Qxf6+ ({Weaker is} 23. gxh5 Qxg5+ 24. Rxg5 (24. hxg5 gxh5 25. g6 h4 $14) 24... Rxh5 $16) 23... Kxf6 24. Nd7+ {[%emt 0:00:27] Excellent horsemanship.} Kf7 25. Nc5 Bd5 26. b3 {[%emt 0:01:04] Hoping for c4.} Nc6 27. Nc2 a5 28. Ne3 Rae8 29. gxh5 Rxh5 30. Rg4 {[%emt 0:00:26] And now c4 would win.} Ne7 31. c4 bxc4 32. bxc4 Bc6 {[%emt 0:01:46] [#]} (32... Ba8 33. Nd7 g5) 33. Nd3 (33. Rf4+ $142 Nf5 34. Ng4) 33... Kg7 $2 (33... Rf8 34. Rf4+ Kg8) 34. Nf4 Kh6 35. Nxh5 (35. Nxe6 Bxf3 36. Rf2 Nf5 37. Rxf3 Rxe6 $16) 35... Bxf3 36. Ng3 Bxe2 37. Nxe2 Nf5 38. Re4 Kh5 39. Nf4+ Kxh4 40. Nxe6+ Kg3 41. Kd2 c6 42. Rg4+ {[%emt 0:00:52] White mates.} Kh2 43. Rg2+ Kh1 44. Rxg6 Nd6 45. Ng5 Ne4+ 46. Nxe4 Rxe4 47. d5 cxd5 48. cxd5 Ra4 49. d6 Rxa2+ 50. Nc2 {[%emt 0:00:01] Black did not feel at home in the position after the opening.   Weighted Error Value: White=0.30/Black=0.62.  Mistake:       	White=2     	Black=6      Inaccurate:     	White=1     	Black=2      OK:         	White=15    	Black=9      Best:        	White=2     	Black=2} 1-0

[Event "Bijnor Open 2024"]
[Site "Bijnor"]
[Date "2024.03.17"]
[Round "2.6"]
[White "Anant Panwar"]
[Black "Vignesh B"]
[Result "0-1"]
[ECO "A52"]
[WhiteElo "1591"]
[BlackElo "2209"]
[Annotator "RC"]
[PlyCount "92"]
[EventDate "2024.03.17"]
[EventCountry "IND"]
[SourceTitle "playchess.com"]
[Source "ChessBase"]
[SourceQuality "1"]
[TimeControl "5400+30"]

1. d4 Nf6 2. c4 e5 3. dxe5 Ng4 4. Nf3 Nc6 5. Bf4 Bb4+ 6. Nbd2 Qe7 7. e3 Ngxe5 8. Nxe5 Nxe5 9. a3 Bxd2+ 10. Qxd2 d6 11. Be2 a5 12. O-O g5 13. Bxg5 Qxg5 14. f4 Qe7 15. fxe5 Qxe5 16. c5 dxc5 17. Rad1 Be6 18. Rf3 h5 19. Kh1 Ke7 20. Qc2 Rhg8 21. Bc4 Rg7 22. Bxe6 fxe6 23. Qd3 Qd5 24. Qc2 Qe5 25. Qd3 Qd5 26. Qc2 Qc6 27. Qf2 Qe4 28. Rf4 Qe5 29. Qd2 Qd5 30. Qe2 Rxg2 31. Rxd5 Rxe2 32. Rxc5 Kd6 33. Rxh5 c5 34. h4 Rxb2 35. Re4 b5 36. Rhe5 Re8 37. h5 c4 38. Rg5 c3 39. Rd4+ Kc6 40. Rg1 b4 41. axb4 axb4 42. Rc1 Kb5 43. h6 c2 44. Kh2 b3 45. Rd7 Rb1 46. h7 Rxc1 0-1

[Event "Bijnor Open 2024"]
[Site "Bijnor"]
[Date "2024.03.17"]
[Round "2.7"]
[White "Mahindrakar Indrajeet"]
[Black "Sarvagya Bharadwaj"]
[Result "1-0"]
[ECO "C70"]
[WhiteElo "2136"]
[BlackElo "1589"]
[Annotator "NA RC"]
[PlyCount "101"]
[EventDate "2024.03.17"]
[EventCountry "IND"]
[SourceTitle "playchess.com"]
[Source "ChessBase"]
[SourceQuality "1"]
[TimeControl "5400+30"]

1. e4 e5 2. Nf3 Nc6 3. Bb5 a6 4. Ba4 Bc5 5. c3 b5 6. Bb3 d6 7. h3 Nf6 8. O-O Bd7 9. Re1 h6 10. d4 Ba7 11. Be3 O-O 12. Nbd2 Re8 13. d5 Ne7 14. a4 Ng6 15. Bxa7 Rxa7 16. axb5 Bxb5 17. Ba4 Ra8 18. b4 Nf4 19. Re3 Nh7 20. Nf1 Ng5 21. Nxg5 Qxg5 22. Qg4 Qxg4 23. hxg4 Reb8 24. g3 Nh3+ 25. Kg2 Ng5 26. Nd2 a5 27. Bxb5 Rxb5 28. Nc4 a4 29. f3 f6 30. Re2 Nf7 31. Rea2 Nd8 32. Rxa4 Rab8 33. Ra7 Nb7 34. R1a6 Kf8 35. Rc6 Rc8 36. Na3 Nd8 37. Nxb5 Nxc6 38. dxc6 Ke8 39. Rxc7 Rxc7 40. Nxc7+ Kd8 41. Nd5 Kc8 42. b5 Kd8 43. b6 Kc8 44. Ne7+ Kd8 45. c7+ Ke8 46. c8=Q+ Kxe7 47. b7 Kf7 48. b8=Q Kg6 49. Qf5+ Kf7 50. Qc7+ Ke8 51. Qfc8# 1-0

[Event "Bijnor Open 2024"]
[Site "Bijnor"]
[Date "2024.03.17"]
[Round "2.8"]
[White "Aabhas Kumar Srivastava"]
[Black "Balkishan, A.."]
[Result "0-1"]
[ECO "B47"]
[WhiteElo "1587"]
[BlackElo "2108"]
[Annotator "NA RC"]
[PlyCount "111"]
[EventDate "2024.03.17"]
[EventCountry "IND"]
[SourceTitle "playchess.com"]
[Source "ChessBase"]
[SourceQuality "1"]
[TimeControl "5400+30"]

1. e4 c5 2. Nf3 e6 3. d4 cxd4 4. Nxd4 Nc6 5. Nc3 Qc7 6. Nxc6 bxc6 7. Bd3 Nf6 8. O-O d5 9. Re1 Be7 10. f4 Bc5+ 11. Kh1 h5 12. Qf3 Ng4 13. Re2 Kf8 14. e5 a5 15. a4 Qb6 16. Nd1 g6 17. b3 Ba6 18. Ba3 Bxa3 19. Ra2 Bb2 20. Rxb2 Qd4 21. Ra2 Bxd3 22. cxd3 Rb8 23. Rab2 Ke7 24. Ne3 Qxd3 25. Kg1 Qd4 26. h3 Nxe3 27. Qxe3 Qxe3+ 28. Rxe3 Rb4 29. Rc3 Kd7 30. Rbc2 Rc8 31. Rc5 Rxb3 32. Rxa5 Rc7 33. Rac5 Rb4 34. a5 Rxf4 35. Ra2 Ra7 36. Rac2 Ra4 37. Rf2 Ke7 38. Rxc6 R4xa5 39. h4 Ra4 40. g3 Ra1+ 41. Kg2 R1a2 42. Rxa2 Rxa2+ 43. Kf3 Ra3+ 44. Kf4 Ra4+ 45. Kf3 Re4 46. Rc7+ Kf8 47. Rc8+ Kg7 48. g4 Rxg4 49. Rd8 Rxh4 50. Ra8 Re4 51. Ra3 Rxe5 52. Kf4 Re4+ 53. Kf3 g5 54. Ra2 h4 55. Rh2 g4+ 56. Kf2 0-1

[Event "Bijnor Open 2024"]
[Site "Bijnor"]
[Date "2024.03.17"]
[Round "2.9"]
[White "Dutta, Joydeep"]
[Black "Garth Pande"]
[Result "1/2-1/2"]
[ECO "E02"]
[WhiteElo "2041"]
[BlackElo "1579"]
[Annotator "NA RC"]
[PlyCount "78"]
[EventDate "2024.03.17"]
[EventCountry "IND"]
[SourceTitle "playchess.com"]
[Source "ChessBase"]
[SourceQuality "1"]
[TimeControl "5400+30"]

1. d4 Nf6 2. c4 e6 3. g3 d5 4. Nf3 c6 5. Bg2 Be7 6. O-O O-O 7. Nbd2 Nbd7 8. Qc2 c5 9. cxd5 Nxd5 10. a3 cxd4 11. Nxd4 N7b6 12. N2f3 Bd7 13. e4 Rc8 14. Qe2 Nf6 15. Rd1 Qe8 16. Ne5 Bc5 17. Nxd7 Nfxd7 18. Nb5 a6 19. Nd6 Bxd6 20. Rxd6 Nc4 21. Rd1 Na5 22. Bf4 Nb3 23. Rab1 e5 24. Be3 Nf6 25. Rd6 Qe7 26. Rb6 Nd4 27. Bxd4 exd4 28. e5 Nd7 29. Rxb7 Qxe5 30. Qxa6 Nc5 31. Qa5 Qf5 32. Rf1 Qc2 33. Rc7 Rxc7 34. Qxc7 d3 35. Bd5 d2 36. Bf3 Qd3 37. Kg2 Na4 38. Qb7 Qc2 39. Bd1 Qxb2 1/2-1/2

[Event "Bijnor Open 2024"]
[Site "Bijnor"]
[Date "2024.03.17"]
[Round "2.10"]
[White "Lakshya Nigam"]
[Black "Singh, Arvinder Preet"]
[Result "0-1"]
[ECO "A36"]
[WhiteElo "1582"]
[BlackElo "2030"]
[Annotator "NA RC"]
[PlyCount "54"]
[EventDate "2024.03.17"]
[EventCountry "IND"]
[SourceTitle "playchess.com"]
[Source "ChessBase"]
[SourceQuality "1"]
[TimeControl "5400+30"]

1. e4 c5 2. Ne2 Nc6 3. d3 g6 4. c4 Bg7 5. Nbc3 d6 6. g3 e6 7. Bg2 Nge7 8. O-O O-O 9. Be3 Nd4 10. Qd2 Re8 11. Bh6 Bh8 12. f4 d5 13. cxd5 Nxe2+ 14. Nxe2 exd5 15. Rfd1 Bg4 16. h3 Bxe2 17. Qxe2 Nf5 18. Bg5 Bd4+ 19. Kh2 f6 20. Bh4 Ne3 21. e5 g5 22. exf6 gxh4 23. Qh5 Qxf6 24. Bxd5+ Kh8 25. Be4 hxg3+ 26. Kh1 Rxe4 27. dxe4 g2+ 0-1

[Event "Bijnor Open 2024"]
[Site "Bijnor"]
[Date "2024.03.18"]
[Round "3.1"]
[White "Ayush Saxena"]
[Black "Srihari L R"]
[Result "0-1"]
[ECO "B08"]
[WhiteElo "1708"]
[BlackElo "2490"]
[Annotator "TA"]
[PlyCount "144"]
[EventDate "2024.03.17"]
[EventCountry "IND"]
[SourceTitle "playchess.com"]
[Source "ChessBase"]
[SourceQuality "1"]
[TimeControl "5400+30"]

1. e4 d6 2. d4 Nf6 3. Nc3 g6 4. Nf3 Bg7 5. Bc4 O-O 6. O-O c6 7. e5 Ne8 8. h3 {[%emt 0:08:53] Verhindert Bg4.} dxe5 9. dxe5 Qxd1 10. Rxd1 {[%emt 0:00:08] Weiß hat minimalen Vorteil.} Nc7 11. Ng5 Nba6 12. Bf4 h6 13. Nge4 Be6 14. Be2 Rad8 15. a3 {[%emt 0:00:39] Verhindert Nb4} Nb8 16. Kf1 Nd7 17. Nf6+ exf6 18. exf6 Nxf6 19. Bxc7 Rc8 20. Be5 Rfe8 21. Bd4 a6 22. Rd2 c5 23. Be3 b5 24. Rad1 {[%emt 0:01:23] [#]} (24. Kg1 $11 {hält das Gleichgewicht.}) 24... b4 $1 $17 25. axb4 cxb4 26. Na4 Ne4 $36 {[%emt 0:00:19][%mdl 2048] Schwarz ist am Drücker.} 27. Rd3 Rxc2 {[%emt 0:03:55][%cal Oe6c4] Schwarz steht deutlich aktiver.} 28. Rd8 Rc8 $1 29. Rxe8+ Rxe8 30. Bxa6 Ra8 31. Bb7 (31. Bb5 $142) 31... Rxa4 32. Bxe4 Bxb2 {[%emt 0:02:16] Droht ...b3 und aus.} 33. Rd8+ Kh7 {[%emt 0:01:35] ...b3 wäre nun fies.} 34. Bd4 Bxd4 35. Rxd4 {[%emt 0:00:08][%mdl 4096] Endspiel. KRB-KRB} Ra1+ 36. Ke2 Ra2+ 37. Ke3 Rb2 38. f4 Kg7 39. g4 f5 (39... Rb3+ $17 40. Kd2 Rxh3) 40. Rd6 $1 $11 Kf7 41. gxf5 gxf5 42. Bd5 Bxd5 43. Rxd5 {[%emt 0:00:04] KR-KR} Ke6 44. Rb5 b3 {[%emt 0:03:09] Zielt auf ...Rh2 ab.} 45. Kd4 Rd2+ 46. Kc3 Rf2 47. Rb6+ Kd5 48. Kxb3 Rf3+ (48... Rxf4 49. Rxh6 Ke4 50. Rh7 $15) 49. Kc2 Rxh3 {[%emt 0:00:13] Weiss muss nun ...Ke4 beachten.} 50. Rb4 h5 51. Kd2 h4 52. Ke2 Rc3 53. Rb5+ Rc5 54. Rb6 h3 55. Kf2 h2 56. Kg2 Rc2+ 57. Kh1 Rc8 58. Kxh2 Ke4 59. Kg3 Rc3+ 60. Kf2 Kxf4 61. Rb4+ Kg5 62. Rb5 Kg4 63. Rb4+ f4 64. Rb2 {[%emt 0:00:24] Verhindert Rc2+} Rh3 65. Kg1 {[%emt 0:02:22] Es drohte Rh2} Kg3 66. Rg2+ Kf3 67. Rf2+ Kg4 68. Rg2+ Rg3 {[%emt 0:00:50] ( -> ...f3)} 69. Kf2 $2 {[%emt 0:00:10][%mdl 8192] [#]} (69. Kh2 $11) 69... Kh3 {[%emt 0:00:08] Schwarz setzt Matt.} 70. Rg1 Rxg1 71. Kxg1 Kg3 72. Kf1 Kf3 {[%emt 0:00:03] Gewichteter Fehlerwert: Weiß=0.09 (makellos) /Schwarz=0.08 (makellos) .  Verlustzug:     	Weiß=1     	---        Fehler:       	Weiß=2     	Schwarz=1     Ungenau:       	Weiß=3     	Schwarz=2     OK:         	Weiß=34    	Schwarz=17    Bester:       	Weiß=7     	Schwarz=4     Stark:        	Weiß=1     	Schwarz=2} 0-1

[Event "Bijnor Open 2024"]
[Site "Bijnor"]
[Date "2024.03.18"]
[Round "3.2"]
[White "Neelash Saha"]
[Black "Mohan, Naithani"]
[Result "1-0"]
[ECO "A81"]
[WhiteElo "2463"]
[BlackElo "1698"]
[Annotator "TA"]
[PlyCount "33"]
[EventDate "2024.03.17"]
[EventCountry "IND"]
[SourceTitle "playchess.com"]
[Source "ChessBase"]
[SourceQuality "1"]
[TimeControl "5400+30"]

1. d4 e6 2. Nf3 f5 3. g3 b6 4. d5 Bb7 5. dxe6 dxe6 6. Qxd8+ Kxd8 7. Bg2 Bd6 8. Nc3 {[%emt 0:01:38][%cal Oe2e4] White is slightly better.} a6 9. e4 Bb4 (9... fxe4 $14 10. Ng5 Ke7) 10. Bg5+ ({White should play} 10. Ng5 $18) 10... Ke8 (10... Kc8 $16) 11. exf5 $18 {[%emt 0:00:44] 0-0-0 is the strong threat.} Bxc3+ (11... Ne7 $142 12. O-O-O (12. fxe6 Rf8 $18) 12... Bxc3) 12. bxc3 exf5 (12... h6 $142) 13. O-O-O {[%emt 0:00:07] [#] White wants to mate with Rd8+.} Nf6 {[%emt 0:00:39] Black is weak on the dark squares} (13... Nc6 $142 14. Nh4 Kf8) 14. Rhe1+ Be4 15. Ne5 {[%emt 0:05:45] Threatens to win with f3.} Bxg2 16. Bxf6 gxf6 17. Ng6+ {[%emt 1:18:04] White took control after the opening.   Weighted Error Value: White=0.41/Black=0.99.  Mistake:       	White=1     	Black=5      Inaccurate:     	---       	Black=1      OK:         	White=3     	Black=1      Best:        	White=3     	---} 1-0

[Event "Bijnor Open 2024"]
[Site "Bijnor"]
[Date "2024.03.18"]
[Round "3.3"]
[White "Sushrutha, Reddy"]
[Black "Laxman, R.R."]
[Result "0-1"]
[ECO "A29"]
[WhiteElo "1707"]
[BlackElo "2331"]
[Annotator "TA"]
[PlyCount "104"]
[EventDate "2024.03.17"]
[EventCountry "IND"]
[SourceTitle "playchess.com"]
[Source "ChessBase"]
[SourceQuality "1"]
[TimeControl "5400+30"]

1. c4 e5 2. Nc3 Nf6 3. d3 d5 4. cxd5 Nxd5 5. Nf3 Nc6 6. g3 Be7 7. Bg2 Nb6 8. Be3 O-O 9. O-O Be6 10. Qc1 Nd5 11. Bg5 f6 12. Bd2 Qd7 13. Ne4 {[%emt 0:00:22] Schwarz hat minimalen Vorteil.} b6 14. Nc3 Rad8 15. Rd1 Rfe8 16. Nxd5 Bxd5 17. Be3 Bf8 18. Qd2 Ne7 19. d4 e4 {[%emt 0:03:49] Schwarz steht aktiver.} 20. Ne1 Qe6 $36 {[%emt 0:00:17][%mdl 2048] Schwarz hat starke Initiative.} 21. b4 Nc8 22. Rdc1 c6 23. Rc2 {[%emt 0:00:38] Schwarz führt seinen Vorteil zum Gewinn.} Nd6 24. Rac1 (24. Qc1 $17) 24... Nc4 $19 25. Qc3 b5 26. a4 $2 (26. a3) 26... bxa4 27. Ra1 a3 28. Bc1 Rb8 29. Bxa3 Rb5 30. e3 Nxa3 31. Qxa3 {[%emt 0:02:29] [#]} a5 32. Bf1 axb4 (32... Rxb4 33. Qxa5 g5 34. Ng2) 33. Qa6 Rbb8 34. Bc4 b3 35. Bxd5 cxd5 36. Rc6 Qd7 {[%emt 0:00:00][%cal Ob8a8] Und jetzt ...Ra8! wäre schön.} 37. Rb6 Qc7 38. Rxb8 Rxb8 39. Qe6+ Qf7 40. Qc6 Qb7 41. Qe6+ {[%emt 0:00:55] [#]} (41. Qxb7 {ist eine bessere Verteidigung.} Rxb7 42. Rb1) 41... Kh8 $1 42. Rb1 b2 43. Qg4 Qb3 {[%emt 0:00:00] Weiss hat schwache schwarze Felder} 44. Qe2 g5 45. h3 Qc3 46. Qc2 Qxc2 47. Nxc2 {[%emt 0:00:05][%mdl 4096] Endspiel. KRB-KRN} h5 48. Kf1 f5 49. Ke2 Bd6 50. Kd2 Bc7 51. Ne1 Ba5+ 52. Kc2 $2 (52. Kd1 Bxe1 53. Kxe1) 52... Rc8+ {[%emt 0:00:00] Gewichteter Fehlerwert: Weiß=0.36/Schwarz=0.11 (sehr präzise) .  Fehler:       	Weiß=4     	---        Ungenau:       	Weiß=5     	Schwarz=2     OK:         	Weiß=12    	Schwarz=17    Bester:       	Weiß=3     	Schwarz=3     Stark:        	---       	Schwarz=1     Brilliant:      	---       	Schwarz=1} 0-1

[Event "Bijnor Open 2024"]
[Site "Bijnor"]
[Date "2024.03.18"]
[Round "3.4"]
[White "Vrashank Chouhan"]
[Black "Priyansh Arora"]
[Result "1-0"]
[ECO "E73"]
[WhiteElo "2330"]
[BlackElo "1695"]
[Annotator "TA"]
[PlyCount "65"]
[EventDate "2024.03.17"]
[EventCountry "IND"]
[SourceTitle "playchess.com"]
[Source "ChessBase"]
[SourceQuality "1"]
[TimeControl "5400+30"]

1. d4 Nf6 2. c4 g6 3. Nc3 Bg7 4. e4 d6 5. Be2 O-O 6. Be3 e5 7. d5 a5 8. g4 Na6 9. h4 Nc5 10. f3 Bd7 {[%emt 0:04:22] White is better.} 11. h5 Qe7 12. Qd2 Na4 13. Nxa4 Bxa4 14. Nh3 Bd7 15. Ng5 c6 16. Bd3 (16. dxc6 $16 bxc6 17. h6) 16... cxd5 17. cxd5 b5 (17... Rfc8 $14) 18. Rc1 (18. O-O-O $16) 18... b4 19. hxg6 fxg6 20. Ne6 {[%emt 0:00:11] White is much more active.} Bxe6 (20... Rfc8 $16 {is a better defense.}) 21. dxe6 $18 Rac8 {[%emt 0:03:49] Black is weak on the light squares} 22. Bc4 Rc6 (22... Rxc4 $142 23. Rxc4 Qxe6) 23. Bg5 Rfc8 24. b3 Bh8 25. Rd1 R8c7 26. Qh2 {[%emt 0:05:44] Threatens to win with Bxf6.} Rc8 27. Qh6 Rxc4 $2 (27... a4 {was necessary.} 28. Qh2 Rb8) 28. bxc4 {[%emt 0:00:07][%cal Od1d6] aiming for Rxd6!} Rxc4 29. Bxf6 Bxf6 30. Rd3 $4 (30. Rxd6 $1 $18 {[%cal Od6d8] White threatens Rd8+! and mate.} Rc7 (30... Qxd6 31. Qxh7+ Kf8 32. Qf7#) (30... Bg5 31. Rd8+ Qxd8 32. Qxh7+ Kf8 33. Qf7#) 31. Rd7 (31. Ra6 Rc8 $14) 31... Rxd7 32. exd7 Qxd7 33. Qd2) 30... Qc7 {[%mdl 8192] [#]} (30... Qxe6 $2 31. Qxh7+ Kf8 32. Qa7 $18 (32. Qxg6 $2 Bh4+ 33. Rxh4 Qxg6 $19)) (30... Bg5 $1 $19 {[%cal Rg5h6] avoids the disaster.} 31. Qh2 Rc1+ (31... Qxe6 $2 32. Qxh7+ Kf8 33. Qb7 $18) 32. Rd1 Qc7 (32... Qxe6 $2 33. Qxh7+ Kf8 34. Rxc1 $18) 33. Rxc1 Qxc1+ 34. Ke2 Qe3+ 35. Kd1 h6 (35... Qxf3+ $2 36. Kc2 $19)) 31. Rxd6 $2 Rc1+ $2 ({Not} 31... Qxd6 32. Qxh7+ Kf8 33. Qf7#) (31... Bg5 $1 $11 32. Qxg5 Qxd6) 32. Kf2 $4 (32. Rd1 $18 Rxd1+ (32... Qc3+ 33. Kf2 $18) 33. Kxd1) 32... Rc2+ $4 ({And not} 32... Qxd6 33. Qxh7+ Kf8 34. Qf7#) (32... Rxh1 $19 {and all is fine.} 33. Qxh1 Qxd6) 33. Rd2 {[%emt 0:00:58] Weighted Error Value: White=0.71/Black=0.92.  Loses game:     	---       	Black=1      Missed win:     	White=3     	Black=2      Mistake:       	White=2     	Black=4      Inaccurate:     	---       	Black=3      OK:         	White=9     	Black=3      Best:        	White=1     	---} 1-0

[Event "Bijnor Open 2024"]
[Site "Bijnor"]
[Date "2024.03.18"]
[Round "3.5"]
[White "Vinayak Singh Yadav"]
[Black "Sai Agni Jeevitesh, J."]
[Result "0-1"]
[ECO "C55"]
[WhiteElo "1696"]
[BlackElo "2285"]
[Annotator "TA"]
[PlyCount "148"]
[EventDate "2024.03.17"]
[EventCountry "IND"]
[SourceTitle "playchess.com"]
[Source "ChessBase"]
[SourceQuality "1"]
[TimeControl "5400+30"]

1. e4 e5 2. Nf3 Nc6 3. Bc4 Nf6 4. d3 h6 5. c3 d6 6. h3 {[%emt 0:04:54] C55: Zweispringerspiel.} g6 7. Be3 Bg7 8. Nbd2 O-O 9. O-O Na5 10. Bb3 Nxb3 11. axb3 b6 $146 ({Predecessor:} 11... c5 12. d4 exd4 13. cxd4 Qe7 14. e5 dxe5 15. dxe5 Nd5 16. Re1 Be6 17. Ne4 Nxe3 18. Rxe3 {0-1 Szewczyk,M (2128)-Ladan,N (2260) Warsaw Maciei Memorial blitz 2023 (10)}) 12. d4 Qe7 13. Re1 Bb7 14. Qc2 a5 15. Nh2 Nh5 16. d5 f5 17. f3 fxe4 (17... Qd7 $15) 18. fxe4 Nf4 19. Bxf4 Rxf4 20. Rf1 h5 21. b4 axb4 22. Rxa8+ Bxa8 23. Ra1 Rf8 24. cxb4 Bh6 25. Ndf3 Bb7 26. Ra7 Be3+ 27. Kf1 Rb8 28. Ke2 Bf4 29. Nf1 Qd7 30. Qc4 Qc8 31. b5 Ra8 32. Rxa8 Bxa8 33. Ne3 Bb7 34. Nc2 g5 35. Nb4 g4 36. hxg4 Qxg4 37. Kf1 h4 38. Qe2 (38. Qxc7 $2 h3 39. Qc2 (39. Qd8+ $2 Kf7 $19) 39... h2 40. Nxh2 Bxh2 $19) 38... Bc8 39. Ng1 ({Vorzuziehen ist} 39. Na6 $1 $15) 39... Qg5 40. Nh3 Qg3 41. Nxf4 Qxf4+ 42. Ke1 $2 (42. Kg1 $17) 42... Bg4 $19 43. Qd3 Qc1+ 44. Kf2 Qxb2+ (44... Qc5+ 45. Qe3 Qxb4 46. Qg5+ Kf7 47. Qxg4 $11) 45. Nc2 Bd7 ({Günstiger ist} 45... Kf8 $19 {Und jetzt ...Ke8 wäre schön.} 46. Kg1 Ke8) 46. Qe2 (46. Qc4 $17) 46... Kf8 (46... Qxb5 47. Qh5 $11) 47. Kg1 (47. Qc4 {war erzwungen.} Qc1 (47... Bxb5 48. Qxc7 Ke8 49. Kf3 $11) 48. Qxc7 Qd2+ (48... Bxb5 49. Qxd6+ Kf7 50. Qe6+ Kf8 51. Qf5+ Kg8 52. Qg4+ Kf8 53. Qc8+ Ke7 54. Qc7+ Kf8 55. Qd6+ Kf7 56. Qe6+ Kf8 57. Qf5+ Kg8 58. Qg4+ Kf7 59. Qf3+ Ke7 60. Ne3 $11) (48... Ke7 49. Ke2 $11) 49. Kg1) 47... Ke7 (47... Qxb5 48. Qf2+ Ke8 49. Qxh4 $11) 48. Qf2 Qc1+ ({Minderwertig wäre} 48... Qxb5 49. Qxh4+ Ke8 50. Qh8+ Ke7 51. Qh4+ Kf7 52. Qh5+ Kf8 53. Kh2 $11) 49. Qe1 $2 (49. Ne1 Qh6 (49... Bxb5 $2 50. Qxh4+ Kd7 51. Kh2 $19) 50. Nf3) 49... Qxe1+ $19 ({Schlechter ist} 49... Qxc2 50. Qxh4+ Ke8 51. Qh8+ Ke7 (51... Kf7 52. Qh7+ Kf6 53. Qxd7 $11) 52. Qh4+ Ke8 53. Qh8+ Ke7 (53... Kf7 54. Qh7+ Kf6 55. Qh6+ Kf7 56. Qh5+ Kf8 57. Qh8+ Ke7 58. Qh4+ $11) 54. Qh4+ $11) 50. Nxe1 Bxb5 51. Kf2 Bd7 52. Nf3 h3 53. gxh3 Bxh3 54. Ke3 Bd7 55. Kd3 Kf6 56. Nd2 Kg5 57. Ke3 Kg4 58. Nc4 Kg3 59. Nd2 Bb5 60. Nf3 Kg4 61. Nh2+ Kg5 62. Nf3+ Kf6 63. Nd2 Ke7 64. Nf3 Kd7 65. Kd2 Bf1 66. Kc3 c5 67. dxc6+ Kxc6 68. Kb4 Bd3 69. Nd2 d5 70. Nf3 dxe4 (70... Bxe4 $2 71. Nxe5+ Kd6 72. Nf7+ Ke7 73. Ne5 $19) 71. Nxe5+ Kd5 72. Ng4 Kd4 73. Kb3 e3 74. Nh2 Be4 0-1

[Event "Bijnor Open 2024"]
[Site "Bijnor"]
[Date "2024.03.18"]
[Round "3.6"]
[White "Vignesh B"]
[Black "Sanyam Srivastava"]
[Result "0-1"]
[ECO "C28"]
[WhiteElo "2209"]
[BlackElo "1686"]
[Annotator "RC"]
[PlyCount "112"]
[EventDate "2024.03.17"]
[EventCountry "IND"]
[SourceTitle "playchess.com"]
[Source "ChessBase"]
[SourceQuality "1"]
[TimeControl "5400+30"]

1. e4 e5 2. Bc4 Nc6 3. d3 Bc5 4. Nc3 Nf6 5. h3 d6 6. g4 h6 7. Nge2 Be6 8. Ng3 d5 9. Bb5 Qd7 10. Qf3 a6 11. Bxc6 Qxc6 12. Nf5 Kf8 13. Bd2 dxe4 14. dxe4 Rd8 15. O-O-O h5 16. g5 Nd7 17. Be3 g6 18. Nh4 Kg7 19. Rd2 Bb4 20. Rd3 Bc4 21. Rd2 Bxc3 22. bxc3 Qa4 23. Kd1 Qxa2 24. Ke1 Qa1+ 25. Rd1 Qxc3+ 26. Bd2 Qxc2 27. Rc1 Qa2 28. Qc3 Nc5 29. Qxc4 Qxd2+ 30. Kf1 Nd3 31. Rc2 Qe1+ 32. Kg2 Nf4+ 33. Kh2 Qa5 34. Qxc7 Qxc7 35. Rxc7 Rd3 36. Rxb7 Rxh3+ 37. Kg1 Ra3 38. Ng2 Nh3+ 39. Kh2 Nxf2 40. Rf1 Ng4+ 41. Kg1 Rf8 42. Ra7 a5 43. Ne1 a4 44. Nf3 Ne3 45. Rf2 Ra1+ 46. Kh2 Ng4+ 47. Kg3 Nxf2 48. Kxf2 Re8 49. Kg2 a3 50. Nd2 Rb8 51. Nc4 a2 52. Kh2 Rbb1 53. Nd6 Rh1+ 54. Kg2 Rag1+ 55. Kf2 Rf1+ 56. Kg2 a1=Q 0-1

[Event "Bijnor Open 2024"]
[Site "Bijnor"]
[Date "2024.03.18"]
[Round "3.7"]
[White "Arushi Severin Helen D Silva"]
[Black "Mahindrakar Indrajeet"]
[Result "0-1"]
[ECO "A47"]
[WhiteElo "1694"]
[BlackElo "2136"]
[Annotator "RC"]
[PlyCount "210"]
[EventDate "2024.03.17"]
[EventCountry "IND"]
[SourceTitle "playchess.com"]
[Source "ChessBase"]
[SourceQuality "1"]
[TimeControl "5400+30"]

1. d4 Nf6 2. Bf4 b6 3. Nf3 Bb7 4. Nbd2 g6 5. c3 Bg7 6. Qc2 d5 7. e3 O-O 8. Bd3 c5 9. Qb1 Nc6 10. h3 Nd7 11. O-O e5 12. dxe5 Ndxe5 13. Bxe5 Nxe5 14. Nxe5 Bxe5 15. Nf3 Bc7 16. Be2 Qd6 17. Rd1 Rfe8 18. Qd3 Rad8 19. Kf1 Qf6 20. Qc2 Bc8 21. Qa4 Re7 22. Qh4 Qxh4 23. Nxh4 h5 24. Nf3 Bb7 25. Rd2 Bc6 26. a4 Kg7 27. Bb5 Bb7 28. Rad1 Rh8 29. c4 d4 30. exd4 Bf4 31. Re2 Rxe2 32. Kxe2 a6 33. Bd7 Rd8 34. dxc5 bxc5 35. g3 Bc7 36. Ne1 Be5 37. a5 Bd4 38. Ba4 Rd6 39. Kf1 Rf6 40. Rd2 Bc8 41. Kg2 Bb7+ 42. Kf1 Be4 43. Bc2 Bc6 44. Bd1 Be5 45. Kg1 Bc7 46. Ng2 Bxa5 47. Rd3 Be4 48. Rd7 Bf5 49. Rd5 Be6 50. Re5 Bc7 51. Rg5 Bxh3 52. Ne3 Bd6 53. Rd5 Bc8 54. Rd2 Be5 55. Nd5 Rd6 56. Kg2 a5 57. b3 Bb7 58. Bf3 Bd4 59. Ra2 Bxd5 60. Bxd5 Rf6 61. f3 Ra6 62. f4 Ra7 63. Re2 Kf6 64. Bc6 Ra6 65. Bb5 Rd6 66. Kf3 Bc3 67. Ba4 Bd2 68. Re5 Bb4 69. Rd5 Re6 70. Rd1 Bc3 71. Rd5 Bd4 72. Rd7 Re3+ 73. Kg2 Re2+ 74. Kh3 Bg1 75. g4 Rh2+ 76. Kg3 h4+ 77. Kf3 Rf2+ 78. Ke4 h3 79. Rd3 h2 80. Rh3 Re2+ 81. Kd5 Re3 82. Rh4 Rf3 83. g5+ Kg7 84. Ke4 Re3+ 85. Kd5 Rg3 86. Ke4 f5+ 87. gxf6+ Kxf6 88. Rh6 Re3+ 89. Kd5 Kf5 90. Rh4 Rd3+ 91. Kc6 Rd4 92. Kc7 g5 93. Rh8 Rxf4 94. Bc6 Ke5 95. Kb6 Rf6 96. Kb5 Rxc6 97. Kxc6 g4 98. Kb5 g3 99. Re8+ Kd6 100. Rh8 g2 101. Kxa5 h1=Q 102. Rxh1 gxh1=Q 103. Kb5 Qb7+ 104. Ka5 Kc6 105. b4 Qa7# 0-1